 Dungeon Crawl Stone Soup version 0.31-a0-210-gccc998df9b (webtiles) character file.

Game seed: 3638491115652308359

340 qw the Shooter (level 6, -6/37 HPs)
             Began as a Gargoyle Hexslinger on June 29, 2023.
             Was an Initiate of Okawaru.
             Mangled by an ogre
             ... wielding a +0 giant club
              (24 damage)
             ... on level 4 of the Dungeon.
             The game lasted 00:01:19 (3102 turns).

qw the Shooter (Gargoyle Hexslinger)                Turns: 3102, Time: 00:01:20

Health: -6/37      AC: 10    Str: 11    XL:     6   Next: 56%
Magic:  7/7        EV: 12    Int: 14    God:    Okawaru [......]
Gold:   198        SH:  0    Dex: 23    Spells: 6/7 levels left

rFire   . . .        Y - +1 sling
rCold   . . .        (no shield)
rNeg    + + .        i - +2 leather armour of Uskayaw, Jumping {-Cast rN+ rCorr Dex+9}
rPois   inf          (no helmet)
rElec   +            (no cloak)
rCorr   +            b - +0 pair of gloves
SInv    .            (no boots)
Will    .....        (no amulet)
Stlth   ++           (no ring)
HPRegen 0.26/turn    (no ring)
MPRegen 0.10/turn

%: no spellcasting
@: no status effects
A: sickness immunity, AC +4, negative energy resistance 1, electricity
resistance, torment resistance 1, petrification resistance
a: Renounce Religion


You were on level 4 of the Dungeon.
You worshipped Okawaru.
Okawaru was noncommittal.
You visited 2 branches of the dungeon, and saw 5 of its levels.

You collected 198 gold pieces.


Innate Abilities, Weirdness & Mutations

You are immune to sickness and miasma.
Your stone body is resilient. (AC +4)
You are immune to poison.
You resist negative energy. (rN+)
You are resistant to electric shocks. (rElec)
You are resistant to unholy torment.
You are immune to petrification.


   Skills:
 - Level 3.0 Fighting
 + Level 5.9 Ranged Weapons
 - Level 0.2 Armour
 - Level 2.1 Dodging
 - Level 1.0 Spellcasting
 - Level 2.6 Hexes


You had 6 spell levels left.
You knew the following spells:

 Your Spells              Type           Power      Damage    Failure   Level
a - Slow                  Hex            32%        N/A       12%         1

Your spell library contained the following spells:

 Spells                   Type           Power      Damage    Failure   Level
 Inner Flame              Hex/Fire       4%         N/A       52%         3
 Portal Projectile        Hex/Tloc       8%         N/A       52%         3
 Cause Fear               Hex            4%         N/A       75%         4

Inventory:

Hand Weapons
 Y - a +1 sling (weapon)
Armour
 b - a +0 pair of gloves (worn)
 i - the +2 leather armour of Uskayaw, Jumping (worn) {-Cast rN+ rCorr Dex+9}
   (You found it on level 2 of the Dungeon)

   Dex:       It affects your dexterity (+9).
   rN:        It protects you from negative energy.
   -Cast:     It prevents spellcasting.
   rCorr:     It protects you from acid and corrosion.
Scrolls
 g - a scroll of identify
Potions
 a - 3 potions of curing

Dungeon Overview and Level Annotations

Branches:
Dungeon (4/15)             Temple (1/1) D:4

Altars:
Ashenzari
Cheibriados
Dithmenos
Elyvilon
Fedhas
Gozag
Hepliaklqana
Kikubaaqudgha
Makhleb
Nemelex Xobeh
Okawaru
Qazlal
Ru
Uskayaw
Vehumet
Wu Jian
Yredelemnul
Zin


Message History

You now have 182 gold pieces (gained 1).
You open the door.
There is an open door here.
You now have 198 gold pieces (gained 16).
There is an open door here.
There is an open door here.
There is an open door here.
As you open the door, it creaks loudly!
There is an open door here.
You open the door.
There is an open door here.
You open the door.
There is an open door here.
You open the door.
There is an open door here.
You open the door.
An ogre comes into view. It is wielding a +0 giant club.
Enter note:
Enter note:
Enter note: You shoot a sling bullet.
The sling bullet hits the ogre!
The ogre is moderately wounded.
You shoot a sling bullet.
The sling bullet barely misses the ogre.
You shoot a sling bullet.
The sling bullet barely misses the ogre.
You shoot a sling bullet. The sling bullet hits the ogre!
The ogre is heavily wounded.
The ogre hits you with a +0 giant club!
You shoot a sling bullet.
The sling bullet closely misses the ogre.
The ogre barely misses you.
You shoot a sling bullet.
The sling bullet closely misses the ogre.
The ogre hits you with a +0 giant club!
You shoot a sling bullet. The sling bullet hits the ogre!
The ogre is almost dead.
The ogre hits you with a +0 giant club!!
Ouch! That really hurt!
You die...

+..<).#.....#....#
#.....#.....#....#
###..#########..##
### #..###....##..#
#.. +..........#..#
.. #..........'..+
#. #..###.##.##..#
#O###+###.##.##..##
#.@....#..#.......#
#......#..#.......#
#......#..#.......#
#......'..'.......#
###################


You could see an ogre.

Vanquished Creatures
  A howler monkey (D:3)
  2 hounds (D:4)
  2 orc priests (D:3)
  An orc wizard (D:3)
  3 gnolls (D:4)
  4 adders
  4 dart slugs
  9 orcs (D:3)
  3 bats
  3 endoplasms (D:2)
  3 giant cockroaches (D:1)
  10 goblins
  8 hobgoblins
  2 quokkas
  10 ball pythons
  3 frilled lizards
  8 kobolds
  5 rats
81 creatures vanquished.

Notes
Turn   | Place    | Note
-------+----------+-------------------------------------------
     0 | D:1      | qw the Gargoyle Hexslinger began the quest for the Orb.
     0 | D:1      | Reached XP level 1. HP: 12/12 MP: 2/2
     0 | D:1      | 0 ||| qw: Version: 0.3-a-24-ga2abf7b
     0 | D:1      | 0 ||| qw: Game counter: 6753
     0 | D:1      | 0 ||| qw: Melee chars always use a shield: true
     0 | D:1      | 0 ||| qw: God list: Okawaru
     0 | D:1      | 0 ||| qw: Allow faded altars: false
     0 | D:1      | 0 ||| qw: Do Orc after clearing Dungeon:15 true
     0 | D:1      | 0 ||| qw: Do second Lair branch before Depths: true
     0 | D:1      | 0 ||| qw: Lair rune preference: random
     0 | D:1      | 0 ||| qw: Goals: Normal
     0 | D:1      | 0 ||| PLANNING D:1-11
    79 | D:1      | Reached XP level 2. HP: 16/16 MP: 3/3
   196 | D:1      | Reached skill level 3 in Ranged Weapons
   353 | D:1      | Reached XP level 3. HP: 21/21 MP: 4/4
   847 | D:1      | 847 ||| UPGRADING to +0 ring mail.
   857 | D:1      | 857 ||| DROPPING +0 robe.
   858 | D:1      | 858 ||| READING scroll labelled WATEFUDW UGUGG.
   859 | D:1      | 859 ||| DRINKING 2 viscous red potions.
   860 | D:1      | 860 ||| DROPPING scroll of poison.
   861 | D:1      | 861 ||| DROPPING potion of attraction.
  1049 | D:2      | Reached XP level 4. HP: 26/26 MP: 5/5
  1202 | D:2      | Reached skill level 4 in Ranged Weapons
  1352 | D:2      | Identified the +2 leather armour of Uskayaw, Jumping {-Cast
                  | rN+ rCorr Dex+9}
  1497 | D:2      | Found a white marble altar of Elyvilon.
  1639 | D:2      | 1639 ||| UPGRADING to +0 pair of gloves.
  1644 | D:2      | 1644 ||| UPGRADING to +0 leather armour of fire resistance.
  1654 | D:2      | 1654 ||| DROPPING +0 ring mail.
  1655 | D:2      | 1655 ||| UPGRADING to +2 leather armour of Uskayaw, Jumping
                  | {-Cast rN+ rCorr Dex+9}.
  1665 | D:2      | 1665 ||| DROPPING +0 leather armour of fire resistance.
  1666 | D:2      | 1666 ||| READING scroll labelled MUVUWAOROA.
  1667 | D:2      | 1667 ||| READING 3 scrolls of identify.
  1667 | D:2      | 1667 ||| IDENTIFYING fuming pink potion
  1668 | D:2      | 1668 ||| READING 2 scrolls of identify.
  1668 | D:2      | 1668 ||| IDENTIFYING bubbling blue potion
  1669 | D:2      | 1669 ||| DROPPING potion of berserk rage.
  1670 | D:2      | 1670 ||| DROPPING potion of magic.
  2082 | D:3      | 2082 ||| Stepping ~*~*~tactically~*~*~ (outnumbered).
  2101 | D:3      | Reached skill level 5 in Ranged Weapons
  2101 | D:3      | Reached XP level 5. HP: 10/30 MP: 6/6
  2101 | D:3      | HP: 7/30 [orc/+0 dagger (4)]
  2102 | D:3      | 2102 ||| DRINKING potion of heal wounds.
  2303 | D:3      | Reached skill level 3 in Fighting
  2372 | D:3      | Reached XP level 6. HP: 37/37 MP: 7/7
  2593 | D:3      | 2593 ||| READING scroll labelled GIKLAA KAGUIRR.
  2594 | D:3      | 2594 ||| READING scroll labelled PINKAP ROASTOITO.
  2595 | D:3      | 2595 ||| READING scroll labelled IRALUMUOGE.
  2596 | D:3      | 2596 ||| READING 3 scrolls of identify.
  2596 | D:3      | 2596 ||| IDENTIFYING fizzy grey potion
  2597 | D:3      | 2597 ||| DROPPING potion of degeneration.
  2618 | D:4      | 2618 ||| Stepping ~*~*~tactically~*~*~ (outnumbered).
  2621 | D:4      | 2621 ||| Stepping ~*~*~tactically~*~*~ (outnumbered).
  2645 | D:4      | 2645 ||| FLEEEEING.
  2646 | D:4      | 2646 ||| FLEEEEING.
  2647 | D:4      | 2647 ||| STAIRDANCE
  2728 | D:4      | Found a staircase to the Ecumenical Temple.
  2729 | D:4      | 2729 ||| PLANNING TEMPLE
  2729 | D:4      | 2729 ||| READING 2 scrolls of identify.
  2729 | D:4      | 2729 ||| IDENTIFYING glowing orange potion
  2735 | Temple   | Entered the Ecumenical Temple
  2793 | Temple   | 2793 ||| PLANNING OKAWARU WORSHIP
  2901 | Temple   | Became a worshipper of Warmaster Okawaru
  2902 | Temple   | 2902 ||| PLANNING D:1-11
  3102 | D:4      | Mangled by an ogre

Levels and vault maps discovered:
D:1:      dpeg_arrival_shrine, layout_basic, minmay_split_cup_small
D:2:      layout_basic, basic_altar
D:3:      layout_basic
D:4:      layout_gridville, minmay_temple_entry_fiery, item_on_display_a
Temple:   regret_index_temple_mists

Skill      XL: |  1  2  3  4  5 |
---------------+----------------+-----
Ranged Weapons | 3 5 |  5.9
Fighting       | 2 3 |  3.0
Dodging        | 2 |  2.1
Armour         | |  0.2
Spellcasting   | |  1.0
Hexes          | |  2.6

Action                     |  1- 3 |  4- 6 || total
---------------------------+-------+-------++-------
   Fire: Sling             |   120 |   187 ||   307
    Use: Scroll            |     1 |     8 ||     9
         Potion            |     1 |     1 ||     2
 Armour: Robe              |    18 |       ||    18
         Ring mail         |     7 |     3 ||    10
         Leather armour    |       |    50 ||    50
  Dodge: Dodged            |    28 |    85 ||   113

Table legend:
 A = Non-vault XP
 B = Vault XP
 C = Vault XP percentage of total XP
 D = Non-vault monster count
 E = Vault monster count
 F = Vault count percentage of total count
                 A         B        C        D         E       F
            +---------+---------+-------+---------+---------+-------
      Total |     480 |       6 |   1.2 |      78 |       3 |   3.7
            +---------+---------+-------+---------+---------+-------
        D:1 |      52 |       6 |  10.3 |      26 |       3 |  10.3
        D:2 |      39 |       0 |   0.0 |      16 |       0 |   0.0
        D:3 |     256 |       0 |   0.0 |      28 |       0 |   0.0
        D:4 |     133 |       0 |   0.0 |       8 |       0 |   0.0
            +---------+---------+-------+---------+---------+-------
